[Event "ICC tourney 2753 (45 5)"]
[Site "Internet Chess Club"]
[Date "2021.12.04"]
[Round "1"]
[White "Sun, Nathan Haojia:nathansun123"]
[Black "ROMSAK, JASON:ZeroChillz"]
[Result "0-1"]
[ICCResult "White checkmated"]
[WhiteElo "1157"]
[BlackElo "1646"]
[Opening "King's pawn game"]
[ECO "C50"]
[NIC "IG.03"]
[Time "11:00:41"]
[PlyCount "58"]
[TimeControl "2700+5"]

1. e4 e5 2. Nf3 Nc6 3. Bc4 d6 4. h3 Be6 5. Bxe6 fxe6 6. Nc3 Nf6 7. d3 Qd7 8.
O-O O-O-O 9. Be3 d5 10. Bg5 h6 11. Bxf6 gxf6 12. exd5 exd5 13. a3 Rg8 14.
Nd2 Qxh3 15. Qf3 Qe6 16. Rfe1 d4 17. Nce4 f5 18. Ng3 Rg5 19. Nc4 Bd6 20.
Nxd6+ cxd6 21. b4 Rdg8 22. b5 Ne7 23. a4 f4 24. Ne4 Rxg2+ 25. Qxg2 Rxg2+ 26.
Kxg2 Qg4+ 27. Kh2 f3 28. Nxd6+ Kd7 29. Ne4 Qg2# {White checkmated} 0-1

[Event "ICC tourney 2753 (45 5)"]
[Site "Internet Chess Club"]
[Date "2021.12.04"]
[Round "1"]
[White "GU, MINGHAO:mancogu"]
[Black "CAO, DANIEL:danielcao"]
[Result "1-0"]
[ICCResult "Black resigns"]
[WhiteElo "1654"]
[BlackElo "1271"]
[Opening "Sicilian: dragon, classical, Richter variation"]
[ECO "B73"]
[NIC "SI.25"]
[Time "11:00:38"]
[PlyCount "75"]
[TimeControl "2700+5"]

1. e4 c5 2. Nf3 Nc6 3. d4 cxd4 4. Nxd4 Nf6 5. Nc3 d6 6. Be2 g6 7. Be3 Bg7 8.
O-O O-O 9. Qd2 Bd7 10. h3 d5 11. exd5 Nxd5 12. Nxd5 Bxh3 13. gxh3 Nxd4 14.
Bxd4 Qxd5 15. Bc3 Qxd2 16. Bxd2 Bxb2 17. Rab1 Ba3 18. Rxb7 Rfc8 19. Bd3 e5
20. Rfb1 Rd8 21. Bb4 Bxb4 22. R7xb4 a5 23. Ra4 f5 24. f3 Rd4 25. Rxd4 exd4
26. Rb5 Kf7 27. Rd5 Ke6 28. Rxd4 Ke5 29. Ra4 f4 30. Kf2 Ra7 31. Re4+ Kd5 32.
Rxf4 Ke5 33. Ra4 Kd5 34. Ke3 Re7+ 35. Be4+ Kc5 36. Rxa5+ Kb4 37. Ra8 Kc3 38.
a4 {Black resigns} 1-0

[Event "ICC tourney 2753 (45 5)"]
[Site "Internet Chess Club"]
[Date "2021.12.04"]
[Round "1"]
[White "Singh, Jai  Prakash:jps7"]
[Black "HE, EDEN:edenhe"]
[Result "0-1"]
[ICCResult "White checkmated"]
[WhiteElo "1700"]
[BlackElo "1480"]
[Opening "Queen's pawn game, Darooha variation "]
[ECO "D02"]
[NIC "QP.08"]
[Time "11:00:37"]
[PlyCount "108"]
[TimeControl "2700+5"]

1. d4 d5 2. Nf3 Nf6 3. h3 Bf5 4. e3 e6 5. c4 Be7 6. Nc3 O-O 7. Qb3 b6 8. Be2
h6 9. Ne5 c5 10. O-O Ne4 11. dxc5 Nxc5 12. Qd1 dxc4 13. Bxc4 Qc7 14. Qf3
Nbd7 15. Nxd7 Nxd7 16. Bb5 Rfd8 17. e4 Bg6 18. Bf4 Qb7 19. Rad1 Nc5 20.
Rxd8+ Rxd8 21. Re1 a6 22. Bc4 Rd4 23. Bf1 Nxe4 24. Be3 Rd7 25. Nxe4 Bxe4 26.
Qe2 b5 27. Bxh6 Bd3 28. Qg4 Bg6 29. Be3 Bf6 30. b3 Bf5 31. Qg3 Rc7 32. Rc1
Rxc1 33. Bxc1 Qc8 34. Be3 Qc2 35. Qb8+ Kh7 36. Qb7 Qb1 37. Qxf7 e5 38. Qh5+
Kg8 39. Qe8+ Kh7 40. Kh2 Bg6 41. Qc6 Qxf1 42. Qxa6 Bh4 43. f3 e4 44. f4 Qe2
45. Qb6 Bh5 46. Qc5 Bf3 47. Qf5+ Kg8 48. Qe6+ Kh8 49. Qc8+ Kh7 50. Qf5+ Kh6
51. Qe6+ Bf6 52. f5+ Kh7 53. Kg3 Qxg2+ 54. Kf4 Qh2# {White checkmated} 0-1

[Event "ICC tourney 2753 (45 5)"]
[Site "Internet Chess Club"]
[Date "2021.12.04"]
[Round "1"]
[White "YANG, LEFAN:cutefelix"]
[Black "DHURJATI, ANAGHA:amdink"]
[Result "1-0"]
[ICCResult "Black checkmated"]
[WhiteElo "1717"]
[BlackElo "1546"]
[Opening "Queen's bishop game"]
[ECO "D02"]
[NIC "QP.06"]
[Time "11:00:36"]
[PlyCount "57"]
[TimeControl "2700+5"]

1. d4 Nf6 2. Nf3 d5 3. Bf4 Bf5 4. c4 e6 5. Nc3 Be7 6. e3 O-O 7. Be2 Nc6 8.
h3 h6 9. a3 a6 10. Rc1 Ne4 11. Nxe4 Bxe4 12. O-O Bd6 13. Ne5 Nxe5 14. dxe5
Be7 15. f3 Bg6 16. cxd5 exd5 17. Qb3 Qd7 18. Qxb7 Rfb8 19. Qxc7 Qxc7 20.
Rxc7 Rxb2 21. Rxe7 Rxe2 22. Rd1 Ra2 23. Rxd5 Rxa3 24. Rdd7 Kf8 25. e6 fxe6
26. Rxg7 Rd3 27. Rb7 Rb3 28. Bd6+ Ke8 29. Rg8# {Black checkmated} 1-0

[Event "ICC tourney 2753 (45 5)"]
[Site "Internet Chess Club"]
[Date "2021.12.04"]
[Round "1"]
[White "SKARIAH, ANUSHKA ELIZABETH:kskariah"]
[Black "FURMAN, MIKHAIL:mfurm"]
[Result "1-0"]
[ICCResult "Black resigns"]
[WhiteElo "1536"]
[BlackElo "1711"]
[Opening "Sicilian"]
[ECO "B56"]
[NIC "SI.25"]
[Time "11:00:36"]
[PlyCount "49"]
[TimeControl "2700+5"]

1. e4 c5 2. Nf3 d6 3. d4 cxd4 4. Nxd4 Nf6 5. Nc3 Nc6 6. Be3 Qc7 7. Bb5 e6 8.
Qd2 Bd7 9. f3 h5 10. O-O-O Rc8 11. Nxc6 bxc6 12. Ba6 Rd8 13. Rhe1 Qa5 14.
Bc4 Be7 15. Bf2 d5 16. Bb3 Kf8 17. Qe3 Bb4 18. e5 Bxc3 19. Qc5+ Kg8 20. Qxc3
Qxc3 21. bxc3 Ne8 22. Bxa7 Ra8 23. Bd4 Ra5 24. c4 Nc7 25. Bb6 {Black
resigns} 1-0

[Event "ICC tourney 2753 (45 5)"]
[Site "Internet Chess Club"]
[Date "2021.12.04"]
[Round "1"]
[White "STINSON, RUSSELL:rcstinson"]
[Black "VENKATESH, NARAYAN:narayan0811"]
[Result "0-1"]
[ICCResult "White resigns"]
[WhiteElo "1387"]
[BlackElo "1673"]
[Opening "French: Tarrasch, closed variation, main line"]
[ECO "C06"]
[NIC "FR.17"]
[Time "11:00:40"]
[PlyCount "58"]
[TimeControl "2700+5"]

1. e4 e6 2. d4 d5 3. Nd2 Nf6 4. e5 Nfd7 5. Bd3 c5 6. c3 Nc6 7. Ne2 cxd4 8.
cxd4 f6 9. exf6 Nxf6 10. Nf3 Bd6 11. Bf4 O-O 12. O-O Bxf4 13. Nxf4 Qd6 14.
g3 e5 15. dxe5 Nxe5 16. Nxe5 Qxe5 17. Qc2 Qd6 18. Rfe1 Bd7 19. Rad1 Rac8 20.
Qb3 Bg4 21. Rd2 Rfe8 22. Rxe8+ Rxe8 23. Nxd5 Nxd5 24. Bc4 Kh8 25. f3 Qc5+
26. Kg2 Ne3+ 27. Kf2 Nxc4+ 28. Kg2 Nxd2 29. Qf7 Re2+ {White resigns} 0-1

[Event "ICC tourney 2753 (45 5)"]
[Site "Internet Chess Club"]
[Date "2021.12.04"]
[Round "1"]
[White "QI, JENNY:eevee11"]
[Black "BOGIN, THEODORE:tbogin1"]
[Result "1-0"]
[ICCResult "Black resigns"]
[WhiteElo "1318"]
[BlackElo "1655"]
[Opening "Sicilian: Najdorf"]
[ECO "B90"]
[NIC "SI.14"]
[Time "11:00:36"]
[PlyCount "137"]
[TimeControl "2700+5"]

1. e4 c5 2. Nf3 d6 3. d4 cxd4 4. Nxd4 Nf6 5. Nc3 a6 6. f3 e6 7. Be3 Be7 8.
Qd2 O-O 9. O-O-O Nbd7 10. g4 Ne5 11. h4 Bd7 12. g5 Nh5 13. Rg1 b5 14. b3 b4
15. Nce2 Qa5 16. Kb1 Rfc8 17. Ng3 Nxg3 18. Rxg3 Qa3 19. Qc1 Qa5 20. h5 Qc7
21. f4 Nc6 22. g6 fxg6 23. hxg6 h6 24. Bc4 Nxd4 25. Bxd4 a5 26. f5 d5 27.
exd5 Qxg3 28. Qb2 Rxc4 29. bxc4 Qa3 30. fxe6 Qxb2+ 31. Kxb2 Be8 32. Be3 Rd8
33. Bf4 Bf6+ 34. Kb1 Bxg6 35. d6 Be8 36. d7 Bh5 37. Rd2 Be7 38. Bc7 Rf8 39.
d8=Q Bxd8 40. Rxd8 Rxd8 41. Bxd8 g5 42. Bxa5 g4 43. Bxb4 g3 44. Bc5 Be8 45.
Bg1 h5 46. Bd4 h4 47. Be5 Kh7 48. Kc1 Kg6 49. Kd1 g2 50. Bh2 Kf5 51. Ke1
Kxe6 52. Kf2 Bc6 53. Kg1 h3 54. Kf2 Kf6 55. Ke3 Kg5 56. Kf2 Kg4 57. c5 Kf5
58. Kg3 Ke4 59. Kxh3 Ke3 60. Kg3 Kd4 61. Bg1+ Kc3 62. Kf4 Kxc2 63. Ke5 Kb2
64. Kd6 Bf3 65. a4 Ba8 66. c6 Kb3 67. a5 Kb4 68. a6 Kb5 69. c7 {Black
resigns} 1-0

[Event "ICC tourney 2753 (45 5)"]
[Site "Internet Chess Club"]
[Date "2021.12.04"]
[Round "1"]
[White "Montanari, Laura:oceana88"]
[Black "Anh, Phuc:Phucanhfananime"]
[Result "1-0"]
[ICCResult "Black checkmated"]
[WhiteElo "1550"]
[BlackElo "1743"]
[Opening "Sicilian: Smith-Morra gambit"]
[ECO "B21"]
[NIC "SI.48"]
[Time "11:00:38"]
[PlyCount "89"]
[TimeControl "2700+5"]

1. e4 c5 2. d4 cxd4 3. c3 dxc3 4. Nxc3 e6 5. Nf3 Bb4 6. Qb3 Bxc3+ 7. Qxc3 f6
8. Bb5 Ne7 9. O-O O-O 10. Rd1 d5 11. Bf4 e5 12. Bg3 d4 13. Qc4+ Kh8 14. Nxd4
exd4 15. Bc7 Be6 16. Bxd8 Bxc4 17. Bxe7 Bxb5 18. Bxf8 Nc6 19. Bc5 Be2 20.
Rd2 d3 21. Re1 Rc8 22. b3 b6 23. Be3 Re8 24. f3 f5 25. Rc1 Ne5 26. Bd4 h6
27. exf5 Re7 28. f4 Ng4 29. h3 Re4 30. Rc4 Kg8 31. hxg4 b5 32. Rc8+ Kf7 33.
Be5 Bxg4 34. Rxd3 Re1+ 35. Kf2 Re2+ 36. Kg3 Bxf5 37. Rc7+ Kg6 38. Rxg7+ Kh5
39. Rd1 Re3+ 40. Kf2 Re2+ 41. Kxe2 Bg4+ 42. Kd2 Bxd1 43. Kxd1 a5 44. Bf6 a4
45. g4# {Black checkmated} 1-0

[Event "ICC tourney 2753 (45 5)"]
[Site "Internet Chess Club"]
[Date "2021.12.04"]
[Round "1"]
[White "JIMENEZ, LUIS A:eltuna"]
[Black "TREUSDELL, ROSS G:IveDoneEnough"]
[Result "0-1"]
[ICCResult "White forfeits on time"]
[WhiteElo "1575"]
[BlackElo "1775"]
[Opening "Neo-Grünfeld defense"]
[ECO "D70"]
[NIC "KI.80"]
[Time "11:00:50"]
[PlyCount "216"]
[TimeControl "2700+5"]

1. d4 Nf6 2. c4 g6 3. f3 d5 4. cxd5 Nxd5 5. e4 Nb6 6. Nc3 Bg7 7. Be3 Nc6 8.
d5 Ne5 9. f4 Ng4 10. Bd4 e5 11. Bxb6 axb6 12. Bb5+ Kf8 13. fxe5 Bxe5 14. Nf3
Bxh2 15. Ne2 Qf6 16. Qd2 Bd6 17. O-O Bc5+ 18. Ned4 Kg7 19. b4 Bxd4+ 20. Nxd4
Qe5 21. Nf3 Qg3 22. Qd4+ f6 23. a4 Rd8 24. Rae1 Ne5 25. Nxe5 Qxe5 26. Qxe5
fxe5 27. Rc1 c6 28. dxc6 bxc6 29. Rxc6 Ra7 30. Rxb6 Rd4 31. Bc6 Be6 32. a5
Bc4 33. Rc1 Bd3 34. Rc5 Bxe4 35. Bxe4 Rxe4 36. Re6 Rb7 37. b5 Ra4 38. a6 Rd7
39. Rcxe5 Rd2 40. Re7+ Kf6 41. Re2 Rd1+ 42. Kf2 Rb1 43. R7e6+ Kg7 44. b6
Rxa6 45. Re7+ Kh6 46. b7 Rab6 47. R2e3 R1b2+ 48. Kf3 Rxb7 49. Rxb7 Rxb7 50.
g4 Kg5 51. Kg3 Rb5 52. Re7 h6 53. Re3 Rb1 54. Re5+ Kf6 55. Re2 Rg1+ 56. Kh4
Rf1 57. Kg3 Rg1+ 58. Kh4 Ra1 59. Kg3 Ra3+ 60. Kf4 g5+ 61. Ke4 Rg3 62. Rh2
Rxg4+ 63. Kf3 Rf4+ 64. Kg3 Kg6 65. Ra2 h5 66. Ra6+ Rf6 67. Ra2 Rb6 68. Rc2
Rb3+ 69. Kg2 h4 70. Rc4 Kh5 71. Re4 Rb5 72. Re8 g4 73. Rh8+ Kg5 74. Rg8+ Kf4
75. Rf8+ Rf5 76. Rh8 h3+ 77. Kh2 Kf3 78. Rg8 Rf4 79. Rg6 Rb4 80. Rf6+ Ke4
81. Kg3 Ke5 82. Rf2 Re4 83. Kh4 Rf4 84. Rh2 Kf5 85. Ra2 Re4 86. Rf2+ Rf4 87.
Ra2 Re4 88. Rf2+ Kg6 89. Kg3 Kg5 90. Ra2 Re3+ 91. Kh2 Kh4 92. Ra4 Re2+ 93.
Kg1 h2+ 94. Kh1 Kh3 95. Ra3+ Kh4 96. Rh3+ Kg5 97. Rxh2 Re1+ 98. Kg2 Kf4 99.
Rh4 Re2+ 100. Kf1 Ra2 101. Rh8 Kg3 102. Rb8 Ra1+ 103. Ke2 Kg2 104. Ke3 g3
105. Rb2+ Kg1 106. Kf3 Ra3+ 107. Kg4 g2 108. Rb1+ Kh2 {White forfeits on
time} 0-1

[Event "ICC tourney 2753 (45 5)"]
[Site "Internet Chess Club"]
[Date "2021.12.04"]
[Round "1"]
[White "BRUDNO, STEPHEN:StevChess01"]
[Black "RAVIND G N, RICNESH:RickyCarlsen"]
[Result "1/2-1/2"]
[ICCResult "Game drawn by mutual agreement"]
[WhiteElo "1478"]
[BlackElo "1700"]
[Opening "Queen's pawn: Charlick (Englund) gambit"]
[ECO "A40"]
[NIC "QO.17"]
[Time "11:00:39"]
[PlyCount "99"]
[TimeControl "2700+5"]

1. d4 e5 2. dxe5 Nc6 3. Nf3 Qe7 4. Qd5 Nb4 5. Qb3 Nc6 6. Bf4 Qb4+ 7. Bd2
Qxb3 8. axb3 Nge7 9. Bf4 Ng6 10. Bg3 Bb4+ 11. c3 Bc5 12. e3 O-O 13. Bd3 Re8
14. Bxg6 hxg6 15. O-O Bf8 16. Nbd2 b6 17. Rfd1 Bb7 18. b4 Ne7 19. h3 Nf5 20.
Bh2 Red8 21. Nd4 c5 22. Nxf5 gxf5 23. bxc5 Bxc5 24. Nb3 Be7 25. Nd4 g6 26.
Nb5 a6 27. Nc7 Ra7 28. Nd5 Bxd5 29. Rxd5 Kf8 30. Kf1 Ke8 31. Ke2 Rc8 32. f4
Rc4 33. Rd4 Rc6 34. Kf3 Bc5 35. Rd3 Be7 36. g4 fxg4+ 37. hxg4 b5 38. Bg3 b4
39. Be1 Rb7 40. Ra4 Rcb6 41. cxb4 Bxb4 42. Bxb4 Rxb4 43. Rxb4 Rxb4 44. Ra3
Rxb2 45. Rxa6 Ke7 46. Ra4 Rh2 47. f5 Rh3+ 48. Kf4 gxf5 49. Kxf5 Rxe3 50. Rd4
{Game drawn by mutual agreement}
1/2-1/2

[Event "ICC tourney 2753 (45 5)"]
[Site "Internet Chess Club"]
[Date "2021.12.04"]
[Round "1"]
[White "PU, LANDON:landonp"]
[Black "OPASKA, MICHAEL:mopaska1106"]
[Result "0-1"]
[ICCResult "White resigns"]
[WhiteElo "1610"]
[BlackElo "1856"]
[Opening "Sicilian: Pelikan, Chelyabinsk variation"]
[ECO "B32"]
[NIC "SI.37"]
[Time "11:00:57"]
[PlyCount "68"]
[TimeControl "2700+5"]

1. e4 c5 2. Nf3 Nc6 3. d4 cxd4 4. Nxd4 e5 5. Nb5 d6 6. N1c3 Nf6 7. Bg5 a6 8.
Na3 b5 9. Nd5 Be7 10. Nxe7 Nxe7 11. Bd3 O-O 12. c3 Be6 13. Nc2 d5 14. f3 Rb8
15. O-O Kh8 16. Ne3 d4 17. cxd4 Qxd4 18. Qe2 Ng6 19. Kh1 Nh5 20. g3 f6 21.
Nf5 Bxf5 22. exf5 Ngf4 23. gxf4 fxg5 24. fxg5 Nf4 25. Qe4 Qxd3 26. Qxe5 Qxf5
27. Qd6 Rbd8 28. Qxa6 Qh3 29. Rf2 Nd3 30. Rff1 Rxf3 31. Kg1 Qg4+ 32. Kh1
Nf2+ 33. Rxf2 Rxf2 34. Rg1 Qf3+ {White resigns} 0-1

[Event "ICC tourney 2753 (45 5)"]
[Site "Internet Chess Club"]
[Date "2021.12.04"]
[Round "1"]
[White "DOBBS, CAMPBELL AUGUSTUS:campbelldobbs"]
[Black "MEHTA, DHAIRYA MITUL:Chesschamp27"]
[Result "1-0"]
[ICCResult "Black resigns"]
[WhiteElo "1680"]
[BlackElo "1446"]
[Opening "Caro-Kann: Hillbilly attack"]
[ECO "B10"]
[NIC "CK.01"]
[Time "11:01:51"]
[PlyCount "141"]
[TimeControl "2700+5"]

1. e4 c6 2. Bc4 d5 3. Bb3 dxe4 4. Qh5 e6 5. Nc3 Nf6 6. Qh4 Nbd7 7. Nxe4 Nxe4
8. Qxe4 Nf6 9. Qh4 Be7 10. Nf3 b6 11. d4 Ba6 12. c4 O-O 13. O-O Ne8 14. Qe4
Nd6 15. Qd3 Nf5 16. Bc2 g6 17. b3 Bf6 18. Bb2 Qd6 19. Rab1 Rfd8 20. Rfd1 Rd7
21. Qd2 Rad8 22. Bxf5 exf5 23. Re1 Qf8 24. Ne5 Rc7 25. Qf4 Rcc8 26. Re2 Qg7
27. Rbe1 h6 28. Nf3 c5 29. Bc1 g5 30. Qxf5 cxd4 31. Ne5 Bxe5 32. Rxe5 d3 33.
Rd5 Qc3 34. Rd1 Re8 35. Qxd3 Re1+ 36. Rxe1 Qxe1+ 37. Qf1 Qe4 38. Qd1 Re8 39.
Rd8 Kh7 40. Rxe8 Qxe8 41. Bb2 Bb7 42. f3 Qe3+ 43. Kh1 Bc6 44. h3 Kg8 45.
Qd8+ Qe8 46. Qf6 Kf8 47. Qxh6+ Ke7 48. Qxg5+ Kd7 49. Qf5+ Kd6 50. Qf6+ Kd7
51. Be5 Qf8 52. Qf5+ Kd8 53. Bf6+ Kc7 54. Qe5+ Kb7 55. Qe7+ Qxe7 56. Bxe7
Bd7 57. g4 f5 58. Kh2 fxg4 59. fxg4 Kc6 60. Kg3 Be6 61. Kf4 Kd7 62. Bf6 Ke8
63. h4 Kf7 64. Be5 Kg6 65. h5+ Kh6 66. Bd4 Bd7 67. Be3 Kh7 68. g5 Kg7 69.
Bd4+ Kf7 70. g6+ Kg8 71. h6 {Black resigns} 1-0

[Event "ICC tourney 2753 (45 5)"]
[Site "Internet Chess Club"]
[Date "2021.12.04"]
[Round "1"]
[White "VISHWA, SUSHEEL:sushivishwa"]
[Black "GEVORGYAN, DAVIT:Davo29"]
[Result "1-0"]
[ICCResult "Black resigns"]
[WhiteElo "1746"]
[BlackElo "1573"]
[Opening "Sicilian: closed, 2...Nc6"]
[ECO "B23"]
[NIC "SI.44"]
[Time "11:00:42"]
[PlyCount "55"]
[TimeControl "2700+5"]

1. e4 c5 2. Nc3 Nc6 3. Bb5 e6 4. Bxc6 bxc6 5. f4 d5 6. d3 Ne7 7. Nf3 g6 8.
O-O Bg7 9. Qe1 O-O 10. Na4 Ba6 11. Nxc5 Qb6 12. Qf2 dxe4 13. Nxe4 Qxf2+ 14.
Rxf2 Rab8 15. Rb1 Nd5 16. b3 Bb7 17. Bd2 Rfd8 18. Re1 Ne7 19. Bc3 Bxc3 20.
Nxc3 Nd5 21. Ne4 Kf8 22. Ne5 Ke7 23. Nc5 Ba8 24. a3 Nc7 25. Re4 Ne8 26. Ra4
Nd6 27. Rxa7+ Nb7 28. Nxc6+ {Black resigns} 1-0

[Event "ICC tourney 2753 (45 5)"]
[Site "Internet Chess Club"]
[Date "2021.12.04"]
[Round "1"]
[White "THAIN, JACK:jt1819"]
[Black "MIRALAIE, MITCHELL:mmiralaie"]
[Result "1-0"]
[ICCResult "Black forfeits on time"]
[WhiteElo "1694"]
[BlackElo "1476"]
[Opening "Sicilian: closed"]
[ECO "B23"]
[NIC "SI.44"]
[Time "11:00:42"]
[PlyCount "61"]
[TimeControl "2700+5"]

1. e4 c5 2. Nc3 e6 3. f4 d5 4. Bb5+ Nc6 5. Bxc6+ bxc6 6. d3 d4 7. Nce2 Nf6
8. Nf3 Be7 9. O-O O-O 10. h3 Rb8 11. g4 h6 12. b3 Ba6 13. Ng3 Qc7 14. Qe1
Nd7 15. h4 e5 16. f5 Nf6 17. g5 hxg5 18. hxg5 Ng4 19. Qe2 Qd8 20. Ne1 Ne3
21. Bxe3 dxe3 22. f6 gxf6 23. Qh5 Bc8 24. g6 fxg6 25. Qxg6+ Kh8 26. Kg2 f5
27. Rh1+ Bh4 28. Qh6+ Kg8 29. Rxh4 Kf7 30. Nf3 Qe7 31. exf5
{Black forfeits on time}
1-0

[Event "ICC tourney 2753 (45 5)"]
[Site "Internet Chess Club"]
[Date "2021.12.04"]
[Round "1"]
[White "VALE CRUZ, ARMIN:trucker"]
[Black "HOSUR, SANMITA:phosur"]
[Result "1-0"]
[ICCResult "Black forfeits on time"]
[WhiteElo "1672"]
[BlackElo "1347"]
[Opening "Mieses opening"]
[ECO "A00"]
[NIC "VO.13"]
[Time "11:01:07"]
[PlyCount "45"]
[TimeControl "2700+5"]

1. d3 d5 2. g3 Nf6 3. Bg2 Bf5 4. Nf3 e6 5. c3 c5 6. O-O Nc6 7. Re1 h6 8.
Nbd2 Bd6 9. e4 Bg4 10. Qb3 Nd7 11. exd5 Ne7 12. Nc4 Qc7 13. dxe6 Bxe6 14.
Nxd6+ Qxd6 15. Qxb7 O-O 16. Bf4 Qb6 17. Nd2 Rae8 18. Nc4 Qxb7 19. Bxb7 Kh8
20. h4 Nf5 21. Rad1 Nf6 22. Bf3 Rd8 23. Ne5 {Black forfeits on time} 1-0

[Event "ICC tourney 2753 (45 5)"]
[Site "Internet Chess Club"]
[Date "2021.12.04"]
[Round "1"]
[White "CAREY, MICHAEL P:xyzchessdude"]
[Black "Mason, Mike W:MikeWMason"]
[Result "1-0"]
[ICCResult "Black resigns"]
[WhiteElo "1785"]
[BlackElo "1604"]
[Opening "English: symmetrical, four knights system"]
[ECO "A30"]
[NIC "TD.06"]
[Time "11:01:31"]
[PlyCount "137"]
[TimeControl "2700+5"]

1. Nf3 Nf6 2. c4 c5 3. Nc3 Nc6 4. e3 e6 5. d4 d5 6. cxd5 exd5 7. Bb5 Bd7 8.
O-O a6 9. Bxc6 Bxc6 10. Ne5 Bd6 11. b3 O-O 12. Nxc6 bxc6 13. dxc5 Bxc5 14.
Bb2 Qe7 15. Rc1 Rfc8 16. Na4 Ba7 17. h3 Ne4 18. Bd4 c5 19. Bb2 Qe6 20. Rc2
Rd8 21. Re1 Rac8 22. Qg4 Nf6 23. Qxe6 fxe6 24. Bxf6 gxf6 25. Rec1 Rc6 26.
Nxc5 Rdc8 27. b4 a5 28. a3 axb4 29. axb4 Rb8 30. Nd3 Rxc2 31. Rxc2 Rb7 32.
Kf1 Kf7 33. Ke2 Bb8 34. Kd2 Bd6 35. Rb2 e5 36. b5 Rb6 37. f3 Ke6 38. e4 f5
39. exf5+ Kxf5 40. Nf2 e4 41. fxe4+ dxe4 42. Ke2 Kf4 43. Rb3 Bc5 44. g3+ Kf5
45. Ng4 Bd6 46. Ne3+ Ke6 47. Nc4 Rb8 48. Nxd6 Kxd6 49. Ke3 Ke5 50. b6 Rb7
51. Rb5+ Kd6 52. Kxe4 Kc6 53. Rb3 Re7+ 54. Kf4 Rf7+ 55. Kg4 Rg7+ 56. Kh5 Rb7
57. g4 Kd6 58. g5 Ke6 59. Kh6 Kf5 60. Rf3+ Ke4 61. Rf6 Ke5 62. h4 Kd5 63. h5
Ke5 64. Rc6 Kf5 65. g6 hxg6 66. hxg6 Ke5 67. g7 Kd5 68. Rg6 Kc5 69. g8=Q
{Black resigns}
1-0

[Event "ICC tourney 2753 (45 5)"]
[Site "Internet Chess Club"]
[Date "2021.12.04"]
[Round "2"]
[White "MAZUMDAR, SHAURYA:raremystery"]
[Black "MIRALAIE, MITCHELL:mmiralaie"]
[Result "1-0"]
[ICCResult "Black resigns"]
[WhiteElo "1682"]
[BlackElo "1476"]
[Opening "Sicilian: Anderssen variation"]
[ECO "B41"]
[NIC "SI.41"]
[Time "13:15:28"]
[PlyCount "35"]
[TimeControl "2700+5"]

1. e4 c5 2. Nf3 e6 3. d4 cxd4 4. Nxd4 Nf6 5. Nc3 Nc6 6. Ndb5 d5 7. exd5 exd5
8. Bf4 Bb4 9. Nc7+ Kf8 10. Nxa8 d4 11. a3 Qe7+ 12. Be2 dxc3 13. axb4 cxb2
14. Bd6 bxa1=Q 15. Bxe7+ Kxe7 16. Qxa1 Nxb4 17. Qe5+ Kd8 18. Qc7+
{Black resigns}
1-0

[Event "ICC tourney 2753 (45 5)"]
[Site "Internet Chess Club"]
[Date "2021.12.04"]
[Round "2"]
[White "BOGIN, THEODORE:tbogin1"]
[Black "MEHTA, DHAIRYA MITUL:Chesschamp27"]
[Result "0-1"]
[ICCResult "White resigns"]
[WhiteElo "1655"]
[BlackElo "1446"]
[Opening "Caro-Kann: advance variation"]
[ECO "B12"]
[NIC "CK.04"]
[Time "13:15:16"]
[PlyCount "78"]
[TimeControl "2700+5"]

1. e4 c6 2. d4 d5 3. e5 Bf5 4. c3 e6 5. Nf3 Nd7 6. Be2 Ne7 7. O-O c5 8. Nh4
Bg6 9. Nxg6 hxg6 10. f4 Nf5 11. g4 Qh4 12. Rf2 Ng3 13. Bf3 Ne4 14. Bxe4 dxe4
15. g5 cxd4 16. cxd4 Rd8 17. Nc3 Nc5 18. Qe2 Nd3 19. Rg2 Nxf4 20. Bxf4 Qxf4
21. Qb5+ Rd7 22. Rf1 Qe3+ 23. Kh1 a6 24. Qa4 Qxd4 25. Qc2 Qxe5 26. Nxe4 Be7
27. Rgf2 O-O 28. Re2 Qa5 29. Qb3 Bxg5 30. Nxg5 Qxg5 31. Rg2 Qd5 32. Qh3 Rc8
33. Kg1 Qxa2 34. Rg4 Rc4 35. Rxg6 Qxb2 36. Rxe6 Qd4+ 37. Re3 Re7 38. Re1
Rxe3 39. Rxe3 Rc3 {White resigns} 0-1

[Event "ICC tourney 2753 (45 5)"]
[Site "Internet Chess Club"]
[Date "2021.12.04"]
[Round "2"]
[White "TREUSDELL, ROSS G:IveDoneEnough"]
[Black "Montanari, Laura:oceana88"]
[Result "1-0"]
[ICCResult "Black resigns"]
[WhiteElo "1775"]
[BlackElo "1550"]
[Opening "KGA: Abbazia defense, modern variation"]
[ECO "C31"]
[NIC "KG.04"]
[Time "13:15:25"]
[PlyCount "59"]
[TimeControl "2700+5"]

1. e4 e5 2. f4 d5 3. exd5 exf4 4. Nf3 Nf6 5. Bb5+ Bd7 6. Bc4 Bc5 7. d4 Bb6
8. O-O O-O 9. Bxf4 Bg4 10. d6 cxd6 11. c3 d5 12. Bd3 Nc6 13. Nbd2 Re8 14.
Bg5 Qd6 15. Qc2 h6 16. Bh4 Rac8 17. Bg3 Qd7 18. Qb3 Re3 19. Bb5 Qd8 20. Kh1
Bxd4 21. Bxc6 bxc6 22. Nxd4 Rd3 23. Qc2 Re3 24. Bh4 Qd6 25. Bxf6 gxf6 26.
Nf5 Bxf5 27. Qxf5 Re5 28. Qxc8+ Kg7 29. Nf3 Rh5 30. Qg4+ {Black resigns} 1-0

[Event "ICC tourney 2753 (45 5)"]
[Site "Internet Chess Club"]
[Date "2021.12.04"]
[Round "2"]
[White "FURMAN, MIKHAIL:mfurm"]
[Black "GEVORGYAN, DAVIT:Davo29"]
[Result "0-1"]
[ICCResult "White resigns"]
[WhiteElo "1711"]
[BlackElo "1573"]
[Opening "Queen's pawn game, Darooha variation "]
[ECO "D02"]
[NIC "QP.09"]
[Time "13:15:14"]
[PlyCount "44"]
[TimeControl "2700+5"]

1. Nf3 d5 2. d4 Nf6 3. g3 c5 4. c3 Nc6 5. Bg2 cxd4 6. cxd4 Bf5 7. a3 e6 8.
O-O Rc8 9. Nc3 Bd6 10. Re1 O-O 11. Nh4 Be4 12. Nb5 Bb8 13. Nf3 h6 14. Bf4
Bxf4 15. gxf4 Na5 16. Ne5 Bc2 17. Qd2 Nb3 18. Qb4 a5 19. Qd6 Nxa1 20. Rxa1
Ne4 21. Qxd8 Rfxd8 22. Bh3 Ba4 {White resigns} 0-1

[Event "ICC tourney 2753 (45 5)"]
[Site "Internet Chess Club"]
[Date "2021.12.04"]
[Round "2"]
[White "CAO, DANIEL:danielcao"]
[Black "JIMENEZ, LUIS A:eltuna"]
[Result "0-1"]
[ICCResult "White resigns"]
[WhiteElo "1271"]
[BlackElo "1575"]
[Opening "Caro-Kann: advance variation"]
[ECO "B12"]
[NIC "CK.04"]
[Time "13:15:15"]
[PlyCount "58"]
[TimeControl "2700+5"]

1. e4 c6 2. d4 d5 3. e5 Bf5 4. Nf3 e6 5. c3 c5 6. Nbd2 Nc6 7. Be2 cxd4 8.
cxd4 Bb4 9. a3 Ba5 10. b4 Bb6 11. Bb2 Nge7 12. O-O O-O 13. Nb3 h6 14. Nc5
Bxc5 15. bxc5 b6 16. Rc1 Rc8 17. Ba6 Rb8 18. Qe2 bxc5 19. Rxc5 Qb6 20. Bb5
Bg4 21. Bc3 Bxf3 22. Qxf3 Nxe5 23. dxe5 Qxc5 24. Bb4 Qxb5 25. Bxe7 Rfc8 26.
Bf6 Qxf1+ 27. Kxf1 Rc1+ 28. Ke2 Rb2+ 29. Ke3 Rc3+ {White resigns} 0-1

[Event "ICC tourney 2753 (45 5)"]
[Site "Internet Chess Club"]
[Date "2021.12.04"]
[Round "2"]
[White "DHURJATI, ANAGHA:amdink"]
[Black "Singh, Jai  Prakash:jps7"]
[Result "1-0"]
[ICCResult "Black resigns"]
[WhiteElo "1546"]
[BlackElo "1700"]
[Opening "French: Tarrasch, closed variation"]
[ECO "C05"]
[NIC "FR.16"]
[Time "13:15:13"]
[PlyCount "103"]
[TimeControl "2700+5"]

1. e4 e6 2. d4 d5 3. Nd2 Nf6 4. e5 Nfd7 5. Ngf3 c5 6. c3 Nc6 7. Nb3 c4 8.
Nbd2 b5 9. Be2 Bb7 10. O-O Qb6 11. Re1 Be7 12. Nf1 f5 13. Bg5 O-O 14. Qc2 h6
15. Bxe7 Nxe7 16. h3 Bc6 17. Ng3 Rf7 18. Nh4 a5 19. Nf3 Ng6 20. Nd2 Nf4 21.
Bh5 Re7 22. Rf1 g6 23. Be2 Kh7 24. Nf3 Rg8 25. Qd2 g5 26. Nh2 Reg7 27. Qc2
Kh8 28. Nh5 Nxh5 29. Bxh5 g4 30. hxg4 fxg4 31. Qd2 Rg5 32. Bf7 R8g7 33. Bxe6
g3 34. fxg3 Nxe5 35. Nf3 Nxf3+ 36. Rxf3 Bb7 37. Rf8+ Kh7 38. Bf5+ Rxf5 39.
Rxf5 Rxg3 40. Qf4 Rg6 41. Rf7+ Rg7 42. Qf5+ Qg6 43. Qxg6+ Kxg6 44. Rxg7+
Kxg7 45. Rf1 Bc6 46. Kh2 Bd7 47. Kg3 Kg6 48. Rf8 a4 49. Rd8 Be6 50. Rb8 Bd7
51. Kf4 Kf6 52. Rb6+ {Black resigns} 1-0